 Dungeon Crawl Stone Soup version 0.22-a0-348-gd16d139 (webtiles) character file.

353 grindst0ne the Covert (level 6, 0/39 HPs)
             Began as an Octopode Assassin on Apr 9, 2018.
             Succumbed to Crazy Yiuf's poison
             ... on level 3 of the Dungeon.
             The game lasted 00:05:19 (3100 turns).

grindst0ne the Covert (Octopode Assassin)           Turns: 3100, Time: 00:05:20

Health: 0/39       AC:  1    Str: 10 (11) XL:     6   Next: 62%
Magic:  3/6        EV: 28    Int: 13      God:
Gold:   189        SH:  5    Dex: 13 (15) Spells: 5/5 levels left

rFire    . . .     SeeInvis .   a - +2 dagger
rCold    . . .     Gourm    .   j - +0 buckler
rNeg     . . .     Faith    .   (helmet restricted)
rPois    .         Spirit   .   h - amulet of the acrobat
rElec    .         Reflect  .   (no ring)
rCorr    .         Harm     .   (no ring)
MR       .....                  (no ring)
Stlth    +++++.....             (no ring)
HPRegen  0.13/turn              (no ring)
MPRegen  0.10/turn              (no ring)
                                (no ring)
                                (no ring)

@: lethally poisoned (0 -> -7), hasted, very quick
A: almost no armour, stealthy swim, amphibious, 8 rings, constrict 8, camouflage
1, gelatinous body 1
a: no special abilities


You were on level 3 of the Dungeon.
You were not hungry.

You visited 1 branch of the dungeon, and saw 3 of its levels.

You collected 189 gold pieces.

Inventory:

Hand Weapons
 a - a +2 dagger (weapon)
 b - a +0 blowgun
Missiles
 c - 26 poisoned needles
 d - 2 curare-tipped needles
Armour
 j - a +0 buckler (worn)
Jewellery
 h - an amulet of the acrobat (around mantle)
Scrolls
 i - 2 scrolls of identify
 k - 2 scrolls of teleportation {unknown}
 n - a scroll of enchant armour {unknown}
 o - a scroll of enchant weapon
 q - a scroll of fog
 r - a scroll of noise
 s - a scroll of fear
Potions
 p - a potion of brilliance
Comestibles
 f - 5 rations
 g - 2 chunks of flesh


   Skills:
 - Level 2.0 Fighting
 - Level 2.0 Short Blades
 - Level 2.0 Throwing
 - Level 1.0 Dodging
 + Level 8.7 Stealth
 + Level 4.2 Shields


You had 5 spell levels left.
You didn't know any spells.

Dungeon Overview and Level Annotations

Branches:
Dungeon (3/15)

Altars:
Ashenzari
Elyvilon
Trog
Uskayaw
Vehumet
The Shining One


Innate Abilities, Weirdness & Mutations

You cannot wear most types of armour.
You are very stealthy in the water. (Stealth+)
You are amphibious.
You can wear up to eight rings at the same time.
You can use your tentacles to constrict eight enemies at once.
Your skin changes colour to match your surroundings (Stealth+).
Your rubbery body absorbs attacks. (AC +1, EV +1)


Message History

You feel sick.
Things that are here:
a quarterstaff of chaos; an embroidered cloak; the gnoll corpse of Crazy Yiuf You butcher the gnoll corpse of Crazy Yiuf.
* * * LOW HITPOINT WARNING * * *
You feel sick.
Things that are here:
a quarterstaff of chaos; an embroidered cloak; 2 chunks of flesh
Okay, then.
Okay, then.
g - 2 chunks of flesh
* * * LOW HITPOINT WARNING * * *
You feel sick.
There is an open door, spattered with blood here.
Okay, then.
* * * LOW HITPOINT WARNING * * *
You feel sick.
* * * LOW HITPOINT WARNING * * *
You feel sick.
You die...

#)..# #...# #.).#
##'## # ♣.♣♣
########## ## ♣♣.♣
#<.......# #. ♣.♣♣
#........# #. ♣♣.♣
#........# #. ♣♣@♣♣
#........# #. ♣♣P..♣
#........###. ♣P.PP♣
#...........# #....#
#............
#....###........##..
#........##########.
##...##### ## #####
#


There were no monsters in sight!

Vanquished Creatures
  Sigmund (D:3)
  Crazy Yiuf (D:3)
  Jessica (D:2)
  5 adders
  An ooze (D:1)
  2 worms (D:2)
  2 dart slugs
  A leopard gecko (D:2)
  3 giant cockroaches (D:3)
  9 hobgoblins
  20 jackals
  2 quokkas
  A ball python (D:3)
  4 bats
  2 frilled lizards
  9 goblins
  8 kobolds
  8 rats
80 creatures vanquished.

Notes
Turn   | Place    | Note
-------+----------+-------------------------------------------
     0 | D:1      | grindst0ne the Octopode Assassin began the quest for the Orb.
     0 | D:1      | Reached XP level 1. HP: 14/14 MP: 1/1
   102 | D:1      | Reached XP level 2. HP: 19/19 MP: 2/2
   177 | D:1      | Reached skill level 6 in Stealth
   529 | D:1      | Reached skill level 1 in Shields
   767 | D:1      | Reached XP level 3. HP: 24/24 MP: 3/3
  1272 | D:2      | Reached XP level 4. HP: 24/29 MP: 4/4
  1565 | D:2      | Reached skill level 7 in Stealth
  1579 | D:2      | Noticed Jessica
  1585 | D:2      | Killed Jessica
  1875 | D:2      | Reached XP level 5. HP: 34/34 MP: 5/5
  2105 | D:3      | Found a runed door.
  2144 | D:3      | Found a radiant altar of Vehumet.
  2324 | D:3      | Noticed Sigmund
  2376 | D:3      | Found a white marble altar of Elyvilon.
  2438 | D:3      | Found a shattered altar of Ashenzari.
  2582 | D:3      | Found a faded altar of an unknown god.
  2582 | D:3      | Found a faded altar of an unknown god.
  2589 | D:3      | Found a glowing golden altar of the Shining One.
  2601 | D:3      | Found a hide-covered altar of Uskayaw.
  2603 | D:3      | Found a bloodstained altar of Trog.
  2808 | D:3      | Killed Sigmund
  2808 | D:3      | Reached skill level 8 in Stealth
  2808 | D:3      | Reached XP level 6. HP: 19/39 MP: 6/6
  3074 | D:3      | Noticed Crazy Yiuf
  3091 | D:3      | Killed Crazy Yiuf
  3098 | D:3      | HP: 1/39 [poisoned by Crazy Yiuf]
  3100 | D:3      | Succumbed to Crazy Yiuf's poison

Vault maps used:
D:1:      dpeg_arrival_arbitrary_b
D:2:      kennysheep_generic_room_8, uniq_jessica
D:3:      nicolae_ashenzari_panopticon, chequers_temple_overflow_minitemple,
          grunt_temple_overflow_open, first_ration, uniq_sigmund,
          uniq_crazy_yiuf_cottage

Skill      XL: |  1  2  3  4  5 |
---------------+----------------+-----
Stealth        | 6 7 8 |  8.7
Shields        | 1 2 4 |  4.2
Fighting       | |  2.0
Short Blades   | |  2.0
Throwing       | |  2.0
Dodging        | |  1.0

Action                   |  1- 3 |  4- 6 || total
-------------------------+-------+-------++-------
Melee: Dagger            |    77 |   108 ||   185
       Tentacles         |    10 |    27 ||    37
       Constrict         |    16 |    33 ||    49
  Use: Potion            |       |     5 ||     5
       Scroll            |       |     4 ||     4
 Stab: Sleeping          |     8 |     6 ||    14
       Distracted        |     1 |       ||     1
  Eat: Chunk             |     1 |     6 ||     7
Armor: Skin              |     6 |     8 ||    14
Dodge: Dodged            |    34 |    56 ||    90
Block: Buckler           |    10 |    21 ||    31

Table legend:
 A = Spawn XP
 B = Non-spawn XP
 C = Spawn XP percentage of total XP
 D = Spawn monster count
 E = Non-spawn monster count
 F = Spawn count percentage of total count
 G = Total turns spent on level
                    A         B        C        D         E        F      G
               +---------+---------+-------+---------+---------+-------+---------
         Total |       0 |     505 |   0.0 |       0 |      80 |   0.0 |  3100
               +---------+---------+-------+---------+---------+-------+---------
           D:1 |       0 |      39 |   0.0 |       0 |      19 |   0.0 |   848
           D:2 |       0 |     128 |   0.0 |       0 |      30 |   0.0 |  1233
           D:3 |       0 |     338 |   0.0 |       0 |      31 |   0.0 |  1019
               +---------+---------+-------+---------+---------+-------+---------
